 Seeded DCSS version 0.30-a0-715-gdb4ae3ece1 (webtiles) character file.

Game seed: 6108523781199093019 (custom seed)

24595 flotson the Fighter (level 12, -9/85 HPs)
             Began as a Demonspawn Delver on Jan 23, 2023.
             Was an Elder of Hepliaklqana.
             Mangled by a six-headed hydra (11 damage)
             ... on level 4 of the Lair of Beasts on Jan 24, 2023.
             The game lasted 00:34:02 (19277 turns).

flotson the Fighter (Demonspawn Delver)            Turns: 19277, Time: 00:34:04

Health: -9/85      AC: 16    Str: 17    XL:     12   Next: 82%
Magic:  0/17       EV: 19    Int: 13    God:    Hepliaklqana [****..]
Gold:   320        SH:  5    Dex: 14    Spells: 17/18 levels left

rFire   + . .      SeeInvis .    b - +1 morningstar (heavy)
rCold   . . .      Faith    .    e - +0 buckler {rF+}
rNeg    + . .      Spirit   +    I - +4 ring mail of Untold Secrets {rN+}
rPois   .          Reflect  .    r - +0 helmet
rElec   .          Harm     .    E - +0 cloak
rCorr   .          Rampage  .    (gloves unavailable)
Will    .....                    (boots unavailable)
Stlth   +++                      x - amulet of guardian spirit
HPRegen 0.34/turn                q - ring of flight
MPRegen 0.15/turn                w - +4 ring of protection

@: agile, flying
A: reduced essence, hooves 3, powered by pain 1, demonic magic 2, weakness
stinger 1, demonic touch 3, mutation resistance 1, screaming 1
a: Renounce Religion, Recall Ancestor, Ancestor Identity, Transference, Idealise


You were on level 4 of the Lair of Beasts.
You worshipped Hepliaklqana.
Hepliaklqana was greatly pleased with you.
You visited 3 branches of the dungeon, and saw 15 of its levels.
You also visited: Sewer.

You collected 737 gold pieces.
You spent 417 gold pieces at shops.

Inventory:

Hand Weapons
 a - a +0 war axe of flaming
 b - a +1 heavy morningstar (weapon)
Missiles
 l - 45 poisoned darts (quivered)
 p - 2 atropa-tipped darts
Armour
 e - a +0 buckler of fire resistance (worn)
 r - a +0 helmet (worn)
 E - a +0 cloak (worn)
 I - the +4 ring mail of Untold Secrets (worn) {rN+}
   (You bought it in a shop on level 1 of the Dungeon)

   rN:        It protects you from negative energy.
Jewellery
 h - an amulet of reflection
 q - a ring of flight (left hand)
 t - a ring of ice
 w - a +4 ring of protection (right hand)
 x - an amulet of guardian spirit (around neck)
 H - a ring of see invisible
Wands
 g - a wand of digging (9)
 y - a wand of flame (8)
Scrolls
 c - 2 scrolls of fog
 f - 10 scrolls of teleportation
 i - 3 scrolls of enchant armour
 k - a scroll of summoning
 n - 14 scrolls of identify
 s - a scroll of enchant weapon
 u - a scroll of torment
 B - 2 scrolls of vulnerability
 C - a scroll of magic mapping
 K - 7 scrolls of immolation
Potions
 d - 4 potions of attraction
 m - a potion of resistance
 o - 5 potions of curing
 v - a potion of lignification
 A - 4 potions of invisibility
 D - a potion of flight
Miscellaneous
 j - a box of beasts


   Skills:
 + Level 9.2 Fighting
 - Level 6.8(7.3) Axes
 + Level 4.0(5.9) Maces & Flails
 - Level 6.6 Throwing
 + Level 4.0 Armour
 + Level 8.1 Dodging
 - Level 9.0 Stealth
 + Level 4.0 Shields
 + Level 3.5 Spellcasting
 + Level 3.7 Summonings
 + Level 6.4 Invocations
 - Level 7.2 Evocations


You had 17 spell levels left.
You knew the following spells:

 Your Spells              Type           Power      Damage    Failure   Level
a - Summon Small Mammal   Summ           44%        N/A       11%         1

Your spell library contained the following spells:

 Spells                   Type           Power      Damage    Failure   Level
 Apportation              Tloc           4%         N/A       45%         1
 Freeze                   Ice            8%         1d3       45%         1
 Necrotise                Necr           8%         1d4       45%         1
 Blink                    Tloc           4%         N/A       58%         2
 Lesser Beckoning         Tloc           4%         N/A       58%         2
 Momentum Strike          Conj/Tloc      4%         3d8       58%         2
 Frozen Ramparts          Ice            4%         1d1       83%         3
 Hailstorm                Conj/Ice       2%         3d3       83%         3
 Summon Ice Beast         Ice/Summ       7%         N/A       92%         4
 Summon Mana Viper        Hex/Summ       7%         N/A       99%         5
 Monstrous Menagerie      Summ           5%         N/A       100%        7


Dungeon Overview and Level Annotations

Branches:
Dungeon (10/15)            Temple (1/1) D:4            Lair (4/5) D:9
 Shoals (0/4) Lair:2        Snake (0/4) Lair:3        Sewer (visited)
  Slime: Lair:4-5       Orc: D:9-12

Altars:
Ashenzari
Cheibriados
Dithmenos
Fedhas
Gozag
Hepliaklqana
Kikubaaqudgha
Makhleb
Nemelex Xobeh
Qazlal
Sif Muna
Trog
Uskayaw
Vehumet
Xom
Yredelemnul

Shops:
D:1 **[![   D:7 =   D:8 =

Annotations:
Lair:2 Snorg
Lair:3 4 runed translucent doors, mccafe's ghost, journeyman HOFi
Lair:4 exclusion: 2 oklob plants


Innate Abilities, Weirdness & Mutations

Your life essence is reduced to manifest your ancestor. (-10% HP)
You have hooves in place of feet.
You sometimes gain a little power by taking damage.
Spells you cast may paralyse nearby enemies.
You have a small tail.
Your touch may irresistibly damage your foes and sap their willpower.
You are somewhat resistant to further mutation.
You occasionally shout uncontrollably at your foes.


Message History

The six-headed hydra barely misses Arsinoe. x2
The six-headed hydra bites Arsinoe! x2
Arsinoe is destroyed!
You block the six-headed hydra's attack.
The six-headed hydra misses you. The six-headed hydra bites you.
The six-headed hydra barely misses you. The six-headed hydra bites you. x2
You bludgeon the six-headed hydra!!
The six-headed hydra is almost dead.
The six-headed hydra bites you. x2
The six-headed hydra bites you but does no damage.
The six-headed hydra closely misses you.
The six-headed hydra barely misses you.
The six-headed hydra bites you but does no damage.
The six-headed hydra bites you!
You focus on the pain.
You feel agile all of a sudden. The six-headed hydra bites you!
* * * LOW HITPOINT WARNING * * *
The six-headed hydra bites you but does no damage.
The six-headed hydra misses you. The six-headed hydra bites you.
* * * LOW HITPOINT WARNING * * *
The six-headed hydra bites you but does no damage.
You are too injured to fight recklessly!
You are too injured to fight recklessly!
You hit the six-headed hydra.
The six-headed hydra is almost dead.
The six-headed hydra bites you!
* * * LOW HITPOINT WARNING * * *
The six-headed hydra misses you.
The six-headed hydra bites you but does no damage.
The six-headed hydra barely misses you. The six-headed hydra misses you.
The six-headed hydra barely misses you. The six-headed hydra misses you.
You block the six-headed hydra's attack.
The six-headed hydra bites you.
* * * LOW HITPOINT WARNING * * *
The six-headed hydra bites you!
* * * LOW HITPOINT WARNING * * *
The six-headed hydra bites you.
* * * LOW HITPOINT WARNING * * *
The six-headed hydra bites you!
You die...

### #### #.##.#.###+ #
#......... ...........
.+......... ...........
.#......... >..........
......[... ..........
#......... ..........
#......... ##.#.###+#
#..D...... ##......#
#.@....... ##...####
#.#.##.##. ##.>..####
###..#...##
#..#.##..#####.#........
...........##P..........
...###.....##...........
.....#......#.##........
..#..#...P.'..##........
...#...#....####........


You could see a six-headed hydra.

Vanquished Creatures
  Fannar (Lair:3)
  2 hydras
  A catoblepas (Lair:1)
  2 two-headed ogres (D:10)
  3 elephants (Lair:2)
  3 black mambas
  A cane toad (Lair:2)
  A torpor snail (Lair:1)
  An unseen horror (D:10)
  A kobold demonologist (D:10)
  4 komodo dragons
  A hornet (D:8)
  A polar bear (Lair:4)
  4 blink frogs
  17 yaks
  A wyvern (Lair:2)
  Grum (D:9)
  4 steam dragons
  3 vampire mosquitoes (D:10)
  7 nagas (Lair:3)
  4 water moccasins
  A sky beast (D:7)
  4 orc warriors
  2 black bears
  2 ice beasts
  2 ogres
  2 wolves
  2 centaurs
  3 phantoms
  3 kobold brigands
  A necrophage (D:8)
  A scorpion (D:4)
  2 bullfrogs
  12 wights
  An electric eel (D:6)
  4 howler monkeys
  4 orc priests
  5 hounds
  2 gnoll boudas (D:7)
  A jelly (D:6)
  Crazy Yiuf (D:6)
  7 iguanas
  A battlemage (D:10)
  5 orc wizards
  2 hell rats (Lair:3)
  15 adders
  17 gnolls
  2 river rats (Sewer)
  3 white imps
  3 worms
  4 dart slugs
  29 orcs
  8 endoplasms
  5 giant cockroaches
  8 goblins
  6 hobgoblins
  A jackal (Sewer)
  7 quokkas
  8 ball pythons
  5 bats
  6 frilled lizards
  18 kobolds
  12 rats
290 creatures vanquished.

Vanquished Creatures (collateral kills)
  A hydra (Lair:2)
  A manticore (Lair:2)
  2 black mambas
  A cane toad (Lair:2)
  Maggie (D:9)
  4 komodo dragons
  A kobold demonologist (D:10)
  A wind drake (Lair:2)
  5 blink frogs
  4 dream sheep (Lair:1)
  6 yaks
  A wyvern (Lair:3)
  4 water moccasins
  2 bullfrogs
  A kobold brigand (D:10)
  An electric eel (Lair:3)
  An orc priest (D:9)
  5 hell rats (Lair:3)
  2 orc wizards (D:10)
  2 orcs (D:10)
  2 kobolds (D:9)
48 creatures vanquished.

Vanquished Creatures (others)
  2 ancestors
  13 battlemagi
  32 fungi
  49 plants
  2 withered plants (D:1)
98 creatures vanquished.

Grand Total: 436 creatures vanquished

Notes
Turn   | Place    | Note
-------+----------+-------------------------------------------
     0 | D:5      | flotson the Demonspawn Delver began the quest for the Orb.
     0 | D:5      | Reached XP level 1. HP: 18/18 MP: 1/1
   116 | D:5      | Noticed a hound
   179 | D:4      | Noticed an iguana
   249 | D:4      | Noticed a scorpion
   256 | D:4      | Noticed an ogre
   339 | D:3      | Discovered your monstrous ancestry.
   339 | D:3      | Gained mutation: Your touch may inflict minor irresistible
                  | damage on your foes. [demonic ancestry]
   339 | D:3      | Reached XP level 2. HP: 21/24 MP: 2/2
   343 | D:3      | Noticed a phantom
   398 | D:3      | Found a radiant altar of Vehumet.
   408 | D:3      | Found a glowing drain.
   418 | Sewer    | Entered a sewer
   633 | Sewer    | Gained mutation: You sometimes gain a little power by
                  | taking damage. [demonic ancestry]
   633 | Sewer    | Reached XP level 3. HP: 5/29 MP: 3/3
   955 | Sewer    | Reached skill level 5 in Stealth
   955 | Sewer    | Gained mutation: You have large cloven feet. [demonic
                  | ancestry]
   955 | Sewer    | Reached XP level 4. HP: 33/35 MP: 4/4
  1186 | Sewer    | Noticed a kobold brigand
  1198 | Sewer    | Killed a kobold brigand
  1199 | Sewer    | Gained mutation: You have a small tail. [demonic ancestry]
  1199 | Sewer    | Reached XP level 5. HP: 25/42 MP: 5/5
  2077 | D:3      | Found a basalt altar of Yredelemnul.
  2358 | D:1      | Found Zeileasagh's Assorted Antiques.
  2369 | D:1      | Bought a lumpy golden potion for 18 gold pieces
  2384 | D:1      | Found Gys Qum's Armour Shop.
  2407 | D:1      | Found Fun Ypt's Distillery.
  2413 | D:1      | Bought a potion of degeneration for 14 gold pieces
  2424 | D:1      | Found Lehie's Armour Emporium.
  2555 | D:1      | Reached skill level 1 in Evocations
  2708 | D:1      | Gained mutation: Spells you cast may paralyse adjacent
                  | enemies. [demonic ancestry]
  2708 | D:1      | Reached XP level 6. HP: 45/48 MP: 6/6
  2769 | D:1      | Found a faded altar of an unknown god.
  2858 | D:1      | Found Liras's General Store.
  2861 | D:1      | Bought a potion of curing for 39 gold pieces
  3728 | D:3      | Reached skill level 1 in Throwing
  4258 | D:4      | Noticed an ice beast
  4264 | D:4      | Killed an ice beast
  4265 | D:4      | Gained mutation: You have hoof-like feet. [demonic
                  | ancestry]
  4265 | D:4      | Reached XP level 7. HP: 55/55 MP: 7/7
  4385 | D:4      | Found a staircase to the Ecumenical Temple.
  4911 | D:5      | Found a hide-covered altar of Uskayaw.
  5086 | D:5      | Reached skill level 5 in Fighting
  5086 | D:5      | Gained mutation: Your touch may inflict irresistible damage
                  | on your foes. [demonic ancestry]
  5086 | D:5      | Reached XP level 8. HP: 62/62 MP: 8/8
  5672 | D:6      | Found a runed translucent door.
  5673 | D:6      | Noticed Crazy Yiuf
  5774 | D:6      | Found a snail-covered altar of Cheibriados.
  5828 | D:6      | Found a shimmering blue altar of Sif Muna.
  5831 | D:6      | Found a burning altar of Makhleb.
  6609 | D:6      | Killed Crazy Yiuf
  6857 | Temple   | Entered the Ecumenical Temple
  6920 | Temple   | Became a worshipper of Hepliaklqana the Forgotten
  7374 | D:7      | Gained mutation: Spells you cast may paralyse nearby
                  | enemies. [demonic ancestry]
  7374 | D:7      | Reached XP level 9. HP: 42/69 MP: 4/9
  7575 | D:7      | Reached skill level 5 in Dodging
  7662 | D:7      | Found Laeddiath's Jewellery Boutique.
  7932 | D:7      | Reached skill level 5 in Axes
  8268 | D:1      | Bought a pearl-encrusted ring mail for 189 gold pieces
  8268 | D:1      | Identified the +4 ring mail of Untold Secrets {rN+} (You
                  | bought it in a shop on level 1 of the Dungeon)
  8712 | D:8      | Found Legit's Jewellery Emporium.
  9072 | D:8      | Reached skill level 5 in Evocations
  9355 | D:8      | Reached * piety under Hepliaklqana
  9919 | D:9      | Gained mutation: Your touch may irresistibly damage your
                  | foes and sap their willpower. [demonic ancestry]
  9919 | D:9      | Reached XP level 10. HP: 69/69 MP: 10/10
  9937 | D:9      | Noticed Grum
  9942 | D:9      | Noticed Maggie
 10414 | D:8      | Paralysed by a hornet for 3 turns
 10418 | D:8      | Reached skill level 5 in Throwing
 10939 | D:9      | Killed Grum
 11041 | D:9      | Killed Maggie
 11146 | D:9      | Found a staircase to the Lair.
 11440 | D:10     | Entered Level 10 of the Dungeon
 11843 | D:10     | Gained mutation: You are somewhat resistant to further
                  | mutation. [potion of mutation]
 11843 | D:10     | Gained mutation: You occasionally shout uncontrollably at
                  | your foes. [potion of mutation]
 11846 | D:10     | HP: 5/106 [vampire mosquito (6)]
 12289 | D:10     | Noticed a two-headed ogre
 12298 | D:10     | Killed a two-headed ogre
 12299 | D:10     | Reached skill level 1 in Invocations
 12387 | D:10     | Noticed a two-headed ogre
 12424 | D:10     | Killed a two-headed ogre
 12425 | D:10     | Reached XP level 11. HP: 20/76 MP: 4/12
 12645 | D:10     | Reached ** piety under Hepliaklqana
 12646 | D:10     | Remembered your ancestor Arsinoe as a battlemage
 13346 | D:1      | Bought a runed buckler for 157 gold pieces
 13589 | Lair:1   | Entered Level 1 of the Lair of Beasts
 13600 | Lair:1   | Noticed a catoblepas
 13630 | Lair:1   | Killed a catoblepas
 14342 | Lair:1   | Reached skill level 1 in Maces & Flails
 14342 | Lair:1   | Reached skill level 1 in Armour
 14345 | Lair:1   | Reached skill level 1 in Shields
 14996 | Lair:1   | Learned a level 1 spell: Summon Small Mammal
 15669 | Lair:2   | Reached skill level 1 in Summonings
 15725 | Lair:2   | Reached skill level 1 in Spellcasting
 16050 | Lair:2   | Gained mutation: You have hooves in place of feet. [demonic
                  | ancestry]
 16050 | Lair:2   | Reached XP level 12. HP: 76/84 MP: 13/15
 16057 | Lair:2   | Noticed a four-headed hydra
 16065 | Lair:2   | Killed a four-headed hydra
 16204 | Lair:2   | Noticed a four-headed hydra
 16208 | Lair:2   | Killed a four-headed hydra
 16229 | Lair:2   | Reached *** piety under Hepliaklqana
 16242 | Lair:2   | Reached skill level 5 in Invocations
 16310 | Lair:2   | Found a staircase to the Shoals.
 17103 | Lair:3   | Noticed Snorg
 17256 | Lair:3   | Found a runed translucent gate.
 17256 | Lair:3   | Found a runed translucent gate.
 17256 | Lair:3   | Found a runed translucent gate.
 17266 | Lair:3   | Noticed mccafe's ghost (journeyman HOFi)
 17267 | Lair:3   | Noticed a nine-headed hydra
 17323 | Lair:3   | Found a staircase to the Snake Pit.
 17951 | Lair:3   | Noticed Fannar
 18189 | Lair:3   | Killed Fannar
 18550 | Lair:3   | Found a runed translucent door.
 18905 | Lair:4   | Identified the +0 robe "Lecs" {Contam Harm rElec Will++}
 19092 | Lair:4   | Noticed an eight-headed hydra
 19098 | Lair:4   | Killed an eight-headed hydra
 19252 | Lair:4   | Reached **** piety under Hepliaklqana
 19266 | Lair:4   | Noticed a six-headed hydra
 19277 | Lair:4   | HP: 4/85 [six-headed hydra (5)]
 19277 | Lair:4   | Mangled by a six-headed hydra

Illustrated notes

Levels and vault maps discovered:
D:1:      psy_arrival_spokes, layout_basic, serial_shops,
          nicolae_shop_behind_doors, shop, shop, nicolae_shop_hallway_stairs,
          shop, ebering_ecumenical_altar_petrified, dreamdust_mushroom_princess
D:2:      layout_basic, minmay_door_square, palyth_stone_intersect
D:3:      layout_loops_ring, mainiacjoe_overflow_cross_hatched,
          lemuel_coloured_pillars_altar, portal_sewer_entry_f,
          hangedman_decor_growths, dk_vineyard_1
D:4:      layout_loops_corners, minmay_temple_entry_trees
D:5:      layout_basic, nicolae_uskayaw_suspiria, minmay_misc_feat_iff,
          corner_web_ring
D:6:      layout_loops_corners, nicolae_overflow_squiral, cheibriados_altar_1,
          uniq_crazy_yiuf_cottage
D:7:      layout_basic, serial_shops, shop, grunt_ministairs_13
D:8:      layout_loops_ring, serial_shops, nicolae_stop_n_shop_2
D:9:      layout_cave_pools, lair_entry_dummy, minivault_1, uniq_grum,
          uniq_maggie
D:10:     layout_long_grid, minmay_crystal_room
Temple:   kb_temple_of_zot
Lair:1:   dreamdust_cave_troll, layout_small_grid, grunt_megastairs_3
Lair:2:   layout_roguey, minmay_shoals_entry_beasts, grunt_megastairs_5
Lair:3:   gammafunk_mikee_crab_dinner, layout_small_grid,
          minmay_snake_entry_guardpost_large, serial_bayou, serial_bayou_pond_b,
          serial_bayou_pond_a, serial_bayou_shore_b, serial_bayou_ford_a,
          gammafunk_ghost_hydra_chop, uniq_fannar, uniq_snorg
Lair:4:   layout_roguey, minmay_slime_entry_oklob_enclosed

Skill      XL: |  1  2  3  4  5  6  7  8  9 10 11 12 |
---------------+-------------------------------------+-----
Axes           | 2 3 4 5 6 |  6.8
Dodging        | 2 3 4 5 6 7 8 |  8.1
Stealth        | 5 6 7 8 9 |  9.0
Fighting       | 4 5 6 7 8 9 |  9.2
Evocations     | 1 2 4 5 6 7 |  7.2
Throwing       | 1 2 3 4 5 6 |  6.6
Invocations    | 1 4 6 |  6.4
Maces & Flails | 2 4 |  4.0
Armour         | 2 4 |  4.0
Shields        | 2 4 |  4.0
Summonings     | 1 3 |  3.7
Spellcasting   | 1 3 |  3.5

Action                     |  1- 3 |  4- 6 |  7- 9 | 10-12 || total
---------------------------+-------+-------+-------+-------++-------
  Melee: Hand axe          |    68 |    98 |       |       ||   166
         Touch             |     5 |    36 |    61 |    22 ||   124
         Kick              |       |    54 |       |    29 ||    83
         War axe           |       |   109 |   278 |    84 ||   471
         Tailslap          |       |    27 |    32 |    43 ||   102
         Punch             |       |     1 |     6 |     2 ||     9
         Morningstar       |       |       |       |   198 ||   198
  Throw: Dart              |       |       |     5 |    42 ||    47
         Boomerang         |       |       |       |    97 ||    97
   Cast: Summon Small Mamm |       |       |       |     4 ||     4
 Invoke: Recall Ancestor   |       |       |       |     6 ||     6
         Ancestor Life: Ba |       |       |       |     1 ||     1
  Evoke: Wand              |     1 |       |       |       ||     1
         Box of beasts     |       |       |       |     1 ||     1
    Use: Scroll            |     2 |       |     1 |    16 ||    19
         Potion            |     5 |     2 |       |    18 ||    25
   Stab: Sleeping          |     4 |     8 |     8 |     1 ||    21
         Distracted        |       |       |       |     5 ||     5
 Armour: Leather armour    |    21 |    22 |       |       ||    43
         Ring mail         |       |    28 |   100 |   218 ||   346
         Skin              |       |       |       |    18 ||    18
  Dodge: Dodged            |    67 |   121 |   205 |   352 ||   745
  Block: Buckler           |       |       |       |    57 ||    57

Table legend: (Time is in decaauts)
 A = Elapsed time spent in this place.
 B = Non-inter-level travel time spent in this place.
 C = Inter-level travel time spent in this place.
 D = Time resting spent in this place.
 E = Time spent auto-exploring this place.
 F = Levels seen in this place.
 G = Mean time per level.
                   A        B        C        D        E       F      G
               +--------+--------+--------+--------+--------+-----+--------+
         Total |  19741 |  17995 |   1746 |   1726 |  13104 |  16 | 1233.8 |
       Dungeon |  12557 |  10963 |   1594 |   1072 |   7871 |  10 | 1255.7 |
        Temple |     96 |     63 |     33 |      0 |     52 |   1 |   96.0 |
          Lair |   5801 |   5684 |    117 |    554 |   4373 |   4 | 1450.2 |
         Sewer |   1285 |   1285 |      0 |    100 |    807 |   1 | 1285.0 |
               +--------+--------+--------+--------+--------+-----+--------+

Top non-repeatable levels by time:
     D:8: 2266 daAuts
  Lair:1: 2099 daAuts
  Lair:2: 1713 daAuts
  Lair:3: 1585 daAuts
     D:7: 1451 daAuts
    D:10: 1406 daAuts
     D:6: 1390 daAuts
     D:5: 1309 daAuts
   Sewer: 1285 daAuts
     D:4: 1169 daAuts
     D:3: 1068 daAuts
     D:1: 941 daAuts
     D:2: 840 daAuts
     D:9: 713 daAuts
  Lair:4: 403 daAuts
